 Dungeon Crawl Stone Soup version 0.32-a0-918-g0f22ef8d61 (webtiles) character file.

Game seed: 15559476686992306666

109 jlumianski the Covered (level 4, -4/29 HPs)
             Began as a Gargoyle Fighter on Apr 11, 2024.
             Slain by an iguana (5 damage)
             ... on level 4 of the Dungeon.
             The game lasted 00:08:31 (1638 turns).

jlumianski the Covered (Gargoyle Fighter)           Turns: 1638, Time: 00:08:31

Health: -4/29      AC: 10    Str: 21    XL:     4   Next: 89%
Magic:  4/4        EV:  8    Int:  9    God:
Gold:   69         SH:  4    Dex:  9    Spells: 3/3 levels left

rFire   . . .        a - +0 war axe
rCold   . . .        c - +0 buckler
rNeg    + . .        b - +0 scale mail
rPois   ∞            (no helmet)
rElec   +            (no cloak)
rCorr   .            (no gloves)
SInv    .            (no boots)
Will    .....        (no amulet) Stlth
                     (no ring)
HPRegen 0.24/turn    (no ring)
MPRegen 0.09/turn

%: no passive effects
@: no status effects
A: sickness immunity, AC +3, negative energy resistance 1, electricity
resistance, torment resistance 1, petrification resistance
a: no special abilities


You were on level 4 of the Dungeon.
You visited 1 branch of the dungeon, and saw 5 of its levels.

You collected 69 gold pieces.

Inventory:

Hand Weapons
 a - a +0 war axe (weapon)
Missiles
 j - 6 poisoned darts (quivered)
Armour
 b - a +0 scale mail (worn)
 c - a +0 buckler (worn)
Magical Staves
 g - a staff of conjuration
Scrolls
 f - a scroll of fear
 h - a scroll of identify {unknown}
 i - a scroll of teleportation {unknown}
 l - a scroll of summoning {unknown}
 n - a scroll of fog {unknown}
 o - a scroll of noise {unknown}
 p - a scroll of vulnerability {unknown}
Potions
 d - a potion of might
 e - a potion of lignification {unknown}
 k - 2 potions of curing
 m - a potion of invisibility {unknown}
 q - a potion of heal wounds {unknown}


   Skills:
 + Level 3.9 Fighting
 + Level 3.2 Axes
 + Level 4.0 Armour
 - Level 0.2 Dodging
 + Level 3.6 Shields


You had 3 spell levels left.
You didn't know any spells.
Your spell library contained the following spells:

 Spells                   Type           Power      Damage    Failure   Level
 Apportation              Tloc           0%         N/A       78%         1
 Necrotise                Necr           0%         1d4       78%         1
 Sting                    Conj/Alch      0%         1d3       78%         1
 Summon Small Mammal      Summ           0%         N/A       78%         1
 Jinxbite                 Hex            0%         N/A       89%         2
 Maxwell's Portable Pile  Tloc           0%         2d(5-13)  98%         3
 Alistair's Intoxication  Alch           0%         N/A       100%        5
 Arcjolt                  Conj/Air       0%         1d10      100%        5
 Maxwell's Capacitive Co  Air            0%         ∞         100%        8


Dungeon Overview and Level Annotations

Branches:
Dungeon (5/15)
 Temple: D:4-7

Altars:
Uskayaw


Innate Abilities, Weirdness & Mutations

You are immune to sickness and miasma.
Your stone body is resilient. (AC +3)
You are immune to poison.
You resist negative energy. (rN+)
You are resistant to electric shocks. (rElec)
You are resistant to unholy torment.
You are immune to petrification.


Message History

There is a stone staircase leading down here.
You climb downwards.
Found a stone staircase leading down.
There is a stone staircase leading up here.
You climb upwards.
There is a stone staircase leading down here.
You climb downwards.
There is a stone staircase leading up here.
There is a stone staircase leading down here.
You climb downwards.
The jelly quivers.
There is a stone staircase leading up here.
The iguana completely misses you.
You climb upwards.
There is a stone staircase leading down here.
You completely miss the iguana. The iguana bites you.
You hit the iguana.
The iguana is lightly wounded.
The iguana bites you.
You slash the iguana!
The iguana is severely wounded.
You block the iguana's attack. The iguana completely misses you.
You hit the iguana but do no damage.
The iguana is severely wounded.
The iguana bites you!
You hit the iguana.
The iguana is severely wounded.
The iguana bites you but does no damage.
You closely miss the iguana.
The iguana is severely wounded.
The iguana bites you. The iguana bites you!
* * * LOW HITPOINT WARNING * * *
You closely miss the iguana.
The iguana is severely wounded.
The iguana bites you.
* * * LOW HITPOINT WARNING * * *
You hit the iguana.
The iguana is almost dead.
The iguana closely misses you. The iguana bites you.
You die...

## #. #. ##
#. #.# #.#.#
#.@####
#l#.#.#
#.##<#
#..........#
#.####.#####
#. #.# . ..#
.. .## .


You could see an iguana.

Vanquished Creatures
  6 adders
  2 dart slugs
  A ribbon worm (D:2)
  8 bats
  4 endoplasms
  A giant cockroach (D:2)
  3 goblins
  9 hobgoblins
  5 kobolds
  A quokka (D:1)
  A ball python (D:2)
  4 rats
45 creatures vanquished.

Notes
Turn   | Place    | Note
-------+----------+-------------------------------------------
     0 | D:1      | jlumianski the Gargoyle Fighter began the quest for the
                  | Orb.
     0 | D:1      | Reached XP level 1. HP: 14/14 MP: 1/1
   198 | D:1      | Reached XP level 2. HP: 16/19 MP: 2/2
   384 | D:1      | Reached XP level 3. HP: 23/23 MP: 3/3
   973 | D:3      | Found a hide-covered altar of Uskayaw.
  1063 | D:2      | Reached XP level 4. HP: 27/29 MP: 4/4
  1604 | D:3      | Reached skill level 4 in Armour
  1625 | D:5      | Entered Level 5 of the Dungeon
  1637 | D:4      | HP: 1/29 [iguana (4)]
  1638 | D:4      | Slain by an iguana

Illustrated notes

Levels and vault maps discovered:
D:1:      nagdon_arrival_double_spiral, layout_rooms, minmay_domino_2
D:2:      layout_basic
D:3:      layout_loops_ring, marbit_many_paths, eat_drink_and_be_merry_uskayaw,
          lemuel_coloured_pillars_altar, corexii_shack
D:4:      layout_loops_corners, grunt_decor_cap, minmay_misc_feat_plants,
          dk_noncrumbling_2, nicolae_goblin_pals, uniq_sigmund, uniq_duvessa,
          uniq_menkaure
D:5:      layout_basic, slow_altar_2, mainiacjoe_overflow_large_starburst,
          minmay_temple_entry_trees, uniq_pikel

Skill      XL: |  1  2  3  4 |
---------------+-------------+-----
Axes           | 2 3 |  3.2
Armour         | 4 |  4.0
Fighting       | |  3.9
Dodging        | |  0.2
Shields        | |  3.6

Action                     |  1- 3 |  4- 6 || total
---------------------------+-------+-------++-------
  Melee: War axe           |   109 |    56 ||   165
    Use: Potion            |     1 |       ||     1
         Scroll            |       |     1 ||     1
 Armour: Scale mail        |    87 |    45 ||   132
  Dodge: Dodged            |    72 |    28 ||   100
  Block: Buckler           |    21 |    10 ||    31

Table legend: (Time is in decaauts)
 A = Elapsed time spent in this place.
 B = Non-inter-level travel time spent in this place.
 C = Inter-level travel time spent in this place.
 D = Time resting spent in this place.
 E = Time spent auto-exploring this place.
 F = Levels seen in this place.
 G = Mean time per level.
                   A        B        C        D        E       F      G
               +--------+--------+--------+--------+--------+-----+--------+
         Total |   1780 |   1686 |     94 |      0 |    922 |   5 |  356.0 |
       Dungeon |   1780 |   1686 |     94 |      0 |    922 |   5 |  356.0 |
               +--------+--------+--------+--------+--------+-----+--------+

Top non-repeatable levels by time:
     D:1: 745 daAuts
     D:2: 670 daAuts
     D:3: 324 daAuts
     D:4: 33 daAuts
     D:5: 4 daAuts
